 Dungeon Crawl Stone Soup version 0.28-a0-1356-g2ad6d04315 (webtiles) character file.

Game seed: 5866920568521093461

54 croobank the Skirmisher (level 3, -3/26 HPs)
             Began as an Octopode Fighter on Dec 30, 2021.
             Slain by a gnoll shaman (13 damage)
             ... on level 4 of the Dungeon.
             The game lasted 00:12:37 (3215 turns).

croobank the Skirmisher (Octopode Fighter)          Turns: 3215, Time: 00:12:37

Health: -3/26      AC:  1    Str: 13 (15) XL:     3   Next: 91%
Magic:  3/3        EV: 13    Int:  9 (12) God:
Gold:   92         SH:  4    Dex:  9 (11) Spells: 2/2 levels left

rFire   + . .      SeeInvis .   a - +0 war axe
rCold   + . .      Faith    .   b - +0 buckler
rNeg    . . .      Spirit   .   (helmet restricted)
rPois   +          Reflect  .   (no amulet)
rElec   +          Harm     .   (no ring)
rCorr   +          Rampage  .   (no ring)
Will    .....                   (no ring)
Stlth   +.........              (no ring)
HPRegen 0.08/turn               (no ring)
MPRegen 0.08/turn               (no ring)
                                (no ring)
                                (no ring)

@: brilliant, lit by a corona, resistant, glowing
A: almost no armour, amphibious, 8 rings, camouflage 1, gelatinous body 1,
(nimble swimmer 1), tentacles
a: no special abilities


You were on level 4 of the Dungeon.
You visited 1 branch of the dungeon, and saw 4 of its levels.

You collected 92 gold pieces.

Inventory:

Hand Weapons
 a - a +0 war axe (weapon)
Missiles
 d - 41 sling bullets
 e - 3 boomerangs (quivered)
 f - 66 stones
 j - 20 bolts
 k - 2 curare-tipped darts
Armour
 b - a +0 buckler (worn)
 i - an orb of energy
 m - a +0 kite shield
Wands
 n - a wand of paralysis (4)
Scrolls
 o - 2 scrolls of blinking
Potions
 c - a potion of might


   Skills:
 + Level 3.5 Fighting
 + Level 2.6 Axes
 + Level 3.4 Dodging
 + Level 3.4 Shields


You had 2 spell levels left.
You didn't know any spells.
Your spell library was empty.

Dungeon Overview and Level Annotations

Branches:
Dungeon (4/15)
 Temple: D:4-7

Altars:

Shops:
D:1 (


Innate Abilities, Weirdness & Mutations

You cannot wear most types of armour.
You are amphibious.
You can wear up to eight rings at the same time.
Your skin changes colour to match your surroundings (Stealth+).
Your rubbery body absorbs attacks. (AC +1, EV +1)
((You are camouflaged when in or above water. (Stealth+)))
You have tentacles for arms and can constrict up to eight enemies at once.


Message History

It was a potion of haste.
You feel yourself speed up.
It was a potion of resistance.
You feel protected.
It was a potion of degeneration.
There was something very wrong with that liquid.
You feel weakened.
You feel dopey.
You feel clumsy.
You start waiting.
Your transformation is almost over.
You start waiting.
Your extra speed is starting to run out.
You start waiting.
HP restored.
You feel less wooden.
There is a stone staircase leading up here.
A gnoll shaman comes into view. It is wielding a +0 club.
The gnoll shaman shouts!
You feel yourself slow down.
The gnoll shaman invokes the aid of its god against you.
You are outlined in light.
There is a stone staircase leading up here.
There is a stone staircase leading up here.
You block the gnoll shaman's attack.
A gnoll comes into view. It is wielding a +0 whip.
You barely miss the gnoll shaman.
The gnoll shouts!
Your grab misses the gnoll shaman. Your squeeze misses the gnoll shaman.
The gnoll shaman hits you with a +0 club!
A gnoll comes into view. It is wielding a +0 spear.
The gnoll shaman misses you.
You closely miss the gnoll shaman.
The gnoll shouts!
Your grab misses the gnoll shaman.
You hear a shout!
The gnoll shaman hits you with a +0 club!
You hit the gnoll shaman. You grab the gnoll shaman.
The gnoll shaman is moderately wounded.
You constrict the gnoll shaman, but do no damage.
The gnoll shaman hits you with a +0 club!
Ouch! That really hurt!
You die...

##..... .....#
#....# #....#
#....# #....#
######.g..#
#....<..@#
##.#####..g.....
# ...##....
##...# .. #.....
#...... ........
#.......


You could see a gnoll shaman and a gnoll.

Vanquished Creatures
  2 worms (D:2)
  A dart slug (D:3)
  6 bats
  An endoplasm (D:2)
  3 goblins
  6 hobgoblins
  3 quokkas
  11 ball pythons
  5 frilled lizards
  7 kobolds
  2 rats
47 creatures vanquished.

Vanquished Creatures (others)
  3 plants (D:1)
3 creatures vanquished.

Grand Total: 50 creatures vanquished

Notes
Turn   | Place    | Note
-------+----------+-------------------------------------------
     0 | D:1      | croobank the Octopode Fighter began the quest for the Orb.
     0 | D:1      | Reached XP level 1. HP: 16/16 MP: 1/1
   393 | D:1      | Found Decw's Antique Weapon Shoppe.
   409 | D:1      | Reached XP level 2. HP: 16/21 MP: 2/2
  1504 | D:2      | Reached XP level 3. HP: 26/26 MP: 3/3
  2162 | D:3      | Upgraded the game from 0.28-a0-1347-g113dc556a4 to
                  | 0.28-a0-1356-g2ad6d04315
  2297 | D:3      | Found a faded altar of an unknown god.
  3215 | D:4      | Slain by a gnoll shaman

Illustrated notes

Levels and vault maps discovered:
D:1:      lightli_arrival_statue_moat, layout_basic, serial_shops,
          nicolae_shop_overgrown_old_shop
D:2:      layout_basic
D:3:      layout_basic, nicolae_ecumenical_snake_handling,
          kennysheep_generic_room_12
D:4:      layout_basic, chequers_temple_overflow_statue_of_worship,
          patterned_corridor

Action                   || total
-------------------------++-------
Melee: War axe           ||   101
       Constrict         ||    28
       Tentacles         ||     9
  Use: Scroll            ||     3
       Potion            ||     6
 Stab: Sleeping          ||     4
Armor: Skin              ||    18
Dodge: Dodged            ||    57
Block: Buckler           ||    22

Table legend: (Time is in decaauts)
 A = Elapsed time spent in this place.
 B = Non-inter-level travel time spent in this place.
 C = Inter-level travel time spent in this place.
 D = Time resting spent in this place.
 E = Time spent auto-exploring this place.
 F = Levels seen in this place.
 G = Mean time per level.
                   A        B        C        D        E       F      G
               +--------+--------+--------+--------+--------+-----+--------+
         Total |   3240 |   3132 |    108 |    440 |   2117 |   4 |  810.0 |
       Dungeon |   3240 |   3132 |    108 |    440 |   2117 |   4 |  810.0 |
               +--------+--------+--------+--------+--------+-----+--------+

Top non-repeatable levels by time:
     D:1: 1224 daAuts
     D:3: 1065 daAuts
     D:2: 908 daAuts
     D:4: 42 daAuts
